 Dungeon Crawl Stone Soup version 0.30-a0-777-ga9a30cbeda (webtiles) character file.

Game seed: 2781669242003104114

406 NinjaNoafa the Grasshopper (level 6, -9/44 (51) HPs)
             Began as a Gnoll Warper on Feb 13, 2023.
             Killed by divine providence
             ... invoked by an orc priest
              (13 damage)
             ... on level 4 of the Dungeon.
             The game lasted 00:16:36 (2912 turns).

NinjaNoafa the Grasshopper (Gnoll Warper)           Turns: 2912, Time: 00:16:36

HP:   -9/44 (51)    AC:  3    Str: 10    XL:     6   Next: 87%
MP:   14/14         EV: 13    Int: 14    God:
Gold: 308           SH:  0    Dex: 12    Spells: 6/16 levels left

rFire   . . .      SeeInvis .    a - +0 whip (flame)
rCold   . . .      Faith    .    (no shield)
rNeg    + . .      Spirit   .    r - +0 leather armour
rPois   .          Reflect  .    (no helmet)
rElec   .          Harm     .    f - scarf {shadows}
rCorr   .          Rampage  .    (no gloves)
Will    .....                    (no boots)
Stlth   ++                       j - amulet of magic regeneration
HPRegen 0.27/turn                k - ring of positive energy
MPRegen 0.54/turn                (no ring)

@: on blink cooldown, heavily drained
A: fangs 1, strong nose, distributed training
a: no special abilities


You were on level 4 of the Dungeon.
You visited 1 branch of the dungeon, and saw 4 of its levels.

You collected 308 gold pieces.

Inventory:

Hand Weapons
 a - a +0 whip of flaming (weapon)
 b - a +0 flail
Missiles
 d - 7 boomerangs of dispersal
 o - 19 poisoned darts
Armour
 f - a scarf of shadows (worn)
 p - the +3 chain mail of Defiance {Regen+ Dex+5}
   (You took it off a kobold on level 2 of the Dungeon)

   Dex:       It affects your dexterity (+5).
   Regen:     It increases your rate of health regeneration.
 r - a +0 leather armour (worn)
Jewellery
 j - an amulet of magic regeneration (around neck)
 k - a ring of positive energy (left hand)
Scrolls
 c - a scroll of blinking
 g - 2 scrolls of poison {unknown}
 h - 4 scrolls of teleportation
 l - a scroll of torment {unknown}
 n - a scroll of fear {unknown}
 s - 2 scrolls of noise {unknown}
 t - a scroll of butterflies {unknown}
 u - a scroll of fog {unknown}
 v - a scroll of identify
 w - a scroll of brand weapon {unknown}
Potions
 i - 4 potions of flight
 m - 2 potions of curing
 q - 3 potions of berserk rage


   Skills:
 + Level 5.1 Fighting
 + Level 2.2 Short Blades
 + Level 2.2 Long Blades
 + Level 2.2 Axes
 + Level 5.1 Maces & Flails
 + Level 2.2 Polearms
 + Level 2.2 Staves
 + Level 2.2 Ranged Weapons
 + Level 3.4 Throwing
 + Level 3.4 Armour
 + Level 5.1 Dodging
 + Level 2.2 Stealth
 + Level 2.2 Shields
 + Level 2.2 Unarmed Combat
 + Level 5.5 Spellcasting
 + Level 1.8 Conjurations
 + Level 1.8 Hexes
 + Level 1.8 Summonings
 + Level 1.8 Necromancy
 + Level 5.7 Translocations
 + Level 1.8 Transmutations
 + Level 1.8 Fire Magic
 + Level 1.8 Ice Magic
 + Level 1.8 Air Magic
 + Level 1.8 Earth Magic
 + Level 1.8 Poison Magic
 + Level 2.5 Invocations
 + Level 2.2 Evocations


You had 6 spell levels left.
You knew the following spells:

 Your Spells              Type           Power      Damage    Failure   Level
a - Blink                 Tloc           40%        N/A       3%          2
b - Lesser Beckoning      Tloc           40%        N/A       3%          2
c - Teleport Other        Tloc           20%        N/A       6%          3
d - Vhi's Electric Charg  Tloc/Air       28%        N/A       14%         3

Your spell library contained the following spells:

 Spells                   Type           Power      Damage    Failure   Level
 Sting                    Tmut/Pois      32%        1d4       11%         1
 Poisonous Vapours        Pois/Air       16%        N/A       16%         2
 Manifold Assault         Tloc           20%        N/A       21%         4
 Olgreb's Toxic Radiance  Pois           8%         N/A       71%         4


Dungeon Overview and Level Annotations

Branches:
Dungeon (4/15)
 Temple: D:4-7

Altars:
Dithmenos


Innate Abilities, Weirdness & Mutations

You have very sharp teeth.
Your uncanny sense of smell can sniff out nearby items.
Your experience applies equally to all skills.


Message History

* * * LOW HITPOINT WARNING * * *
The giant cockroach bites you but does no damage.
Casting: Vhi's Electric Charge (dangerous; 14% risk of failure)
Confirm with . or Enter, or press ? or * to list all spells.
You blink.
The orc priest mumbles some strange prayers to Beogh against you.
Pain shoots through your body!
* * * LOW HITPOINT WARNING * * *
The giant cockroach bites you but does no damage.
The hobgoblin hits you but does no damage.
You hit the orc priest. You burn the orc priest. You punch the orc priest.
You bite the orc priest.
The orc priest is severely wounded.
The giant cockroach bites you.
* * * LOW HITPOINT WARNING * * *
The orc priest hits you with a +0 falchion of draining.
* * * LOW HITPOINT WARNING * * *
You partially resist.
You feel drained.
* * * LOW HITPOINT WARNING * * *
The hobgoblin misses you.
The orc priest attacks as you move away!
The orc priest barely misses you.
The orc priest invokes the aid of Beogh against you.
Pain shoots through your body!
* * * LOW HITPOINT WARNING * * *
The giant cockroach bites you.
* * * LOW HITPOINT WARNING * * *
The giant cockroach attacks as you move away!
The giant cockroach bites you but does no damage.
The hobgoblin closely misses you.
There is an open door here.
The hobgoblin attacks as you move away! The hobgoblin closely misses you.
The hobgoblin attacks as you move away! The hobgoblin barely misses you.
You feel stable enough to blink again.
Casting: Blink (safe; 3% risk of failure)
Confirm with . or Enter, or press ? or * to list all spells.
You blink.
The orc priest mumbles some strange prayers to Beogh against you.
Beogh smites you!
You die...

#....... #.......
#....... '.......
#.......
#..........
#####@........
#.......####'## ..
#.......#.....+
...#.......#.....#
...#.....gB#.....#
...........#.....#
~~~.......o#o....#
~⌠.........#.....#
..~........'.....#


You could see an orc priest, a giant cockroach and a hobgoblin.

Vanquished Creatures
  Sigmund (D:2)
  An orc priest (D:3)
  2 hounds
  2 orc wizards (D:4)
  3 adders
  A worm (D:2)
  3 dart slugs
  8 orcs
  9 ball pythons
  5 endoplasms
  5 giant cockroaches
  4 goblins
  5 hobgoblins
  5 kobolds
  4 quokkas
  8 bats
  4 frilled lizards
  4 rats
74 creatures vanquished.

Vanquished Creatures (others)
  3 plants (D:3)
  A withered plant (D:3)
4 creatures vanquished.

Grand Total: 78 creatures vanquished

Notes
Turn   | Place    | Note
-------+----------+-------------------------------------------
     0 | D:1      | NinjaNoafa the Gnoll Warper began the quest for the Orb.
     0 | D:1      | Reached XP level 1. HP: 20/20 MP: 6/6
   203 | D:1      | Reached XP level 2. HP: 17/26 MP: 7/7
   227 | D:1      | Learned a level 2 spell: Blink
   230 | D:1      | Learned a level 2 spell: Lesser Beckoning
   613 | D:1      | Reached skill level 5 in Spellcasting
   613 | D:1      | Reached XP level 3. HP: 31/31 MP: 7/9
   809 | D:2      | Learned a level 3 spell: Teleport Other
   877 | D:2      | Reached skill level 1 in Invocations
   891 | D:2      | Identified the +3 chain mail of Defiance {Regen+ Dex+5}
  1050 | D:2      | Reached skill level 1 in Short Blades
  1050 | D:2      | Reached skill level 1 in Long Blades
  1050 | D:2      | Reached skill level 1 in Axes
  1050 | D:2      | Reached skill level 1 in Polearms
  1050 | D:2      | Reached skill level 1 in Staves
  1050 | D:2      | Reached skill level 1 in Ranged Weapons
  1050 | D:2      | Reached skill level 1 in Stealth
  1050 | D:2      | Reached skill level 1 in Shields
  1050 | D:2      | Reached skill level 1 in Unarmed Combat
  1050 | D:2      | Reached skill level 1 in Evocations
  1063 | D:2      | Reached XP level 4. HP: 18/38 MP: 11/11
  1138 | D:2      | Noticed Sigmund
  1159 | D:2      | Killed Sigmund
  1160 | D:2      | Reached skill level 1 in Conjurations
  1160 | D:2      | Reached skill level 1 in Hexes
  1160 | D:2      | Reached skill level 1 in Summonings
  1160 | D:2      | Reached skill level 1 in Necromancy
  1160 | D:2      | Reached skill level 1 in Transmutations
  1160 | D:2      | Reached skill level 1 in Fire Magic
  1160 | D:2      | Reached skill level 1 in Ice Magic
  1160 | D:2      | Reached skill level 1 in Air Magic
  1160 | D:2      | Reached skill level 1 in Earth Magic
  1160 | D:2      | Reached skill level 1 in Poison Magic
  1160 | D:2      | Reached XP level 5. HP: 22/43 MP: 12/12
  1230 | D:3      | Learned a level 3 spell: Vhi's Electric Charge
  1368 | D:3      | Reached XP level 6. HP: 38/50 MP: 13/13
  1484 | D:3      | Reached skill level 5 in Fighting
  1484 | D:3      | Reached skill level 5 in Maces & Flails
  1484 | D:3      | Reached skill level 5 in Dodging
  1534 | D:3      | Found a faded altar of an unknown god.
  2385 | D:4      | Found a shadowy altar of Dithmenos.
  2904 | D:4      | HP: 2/44 [giant cockroach (2)]
  2912 | D:4      | Killed from afar by an orc priest

Illustrated notes

Levels and vault maps discovered:
D:1:      mrwooster_arrival_statue_3, layout_basic
D:2:      layout_rooms, uniq_sigmund
D:3:      minmay_inner_zag, layout_basic, shapermc_ecumenical_altar_flowoftime
D:4:      layout_gridville, grunt_dithmenos_smoke, corexii_leaking_fountain

Skill      XL: |  1  2  3  4  5  6 |
---------------+-------------------+-----
Spellcasting   | 5 |  5.5
Invocations    | 1 2 |  2.5
Short Blades   | 1 2 |  2.2
Long Blades    | 1 2 |  2.2
Axes           | 1 2 |  2.2
Polearms       | 1 2 |  2.2
Staves         | 1 2 |  2.2
Ranged Weapons | 1 2 |  2.2
Stealth        | 1 2 |  2.2
Shields        | 1 2 |  2.2
Unarmed Combat | 1 2 |  2.2
Evocations     | 1 2 |  2.2
Throwing       | 3 |  3.4
Armour         | 3 |  3.4
Conjurations   | 1 |  1.8
Hexes          | 1 |  1.8
Summonings     | 1 |  1.8
Necromancy     | 1 |  1.8
Transmutations | 1 |  1.8
Fire Magic     | 1 |  1.8
Ice Magic      | 1 |  1.8
Air Magic      | 1 |  1.8
Earth Magic    | 1 |  1.8
Poison Magic   | 1 |  1.8
Fighting       | 5 |  5.1
Maces & Flails | 5 |  5.1
Dodging        | 5 |  5.1
Translocations | |  5.7

Action                     |  1- 3 |  4- 6 || total
---------------------------+-------+-------++-------
  Melee: Mace              |   109 |    21 ||   130
         Bite              |     7 |    26 ||    33
         Punch             |     1 |     6 ||     7
         Flail             |       |    16 ||    16
         Halberd           |       |     6 ||     6
         Whip              |       |   163 ||   163
   Cast: Lesser Beckoning  |     7 |     3 ||    10
         Teleport Other    |       |     8 ||     8
         Vhi's Electric Ch |       |    31 ||    31
         Blink             |       |    14 ||    14
    Use: Scroll            |       |     5 ||     5
         Potion            |       |     3 ||     3
   Stab: Sleeping          |       |     1 ||     1
         Distracted        |       |     1 ||     1
 Armour: Leather armour    |    37 |    35 ||    72
  Dodge: Dodged            |    70 |   129 ||   199

Table legend: (Time is in decaauts)
 A = Elapsed time spent in this place.
 B = Non-inter-level travel time spent in this place.
 C = Inter-level travel time spent in this place.
 D = Time resting spent in this place.
 E = Time spent auto-exploring this place.
 F = Levels seen in this place.
 G = Mean time per level.
                   A        B        C        D        E       F      G
               +--------+--------+--------+--------+--------+-----+--------+
         Total |   2928 |   2427 |    501 |      0 |      9 |   4 |  732.0 |
       Dungeon |   2928 |   2427 |    501 |      0 |      9 |   4 |  732.0 |
               +--------+--------+--------+--------+--------+-----+--------+

Top non-repeatable levels by time:
     D:3: 919 daAuts
     D:1: 783 daAuts
     D:4: 765 daAuts
     D:2: 460 daAuts
